 Dungeon Crawl Stone Soup version 0.21.0-3-g78d12a8 (webtiles) character file.

0 Monsterracer the Stinger (level 1, 0/14 HPs)
             Began as a Ghoul Venom Mage on Jan 13, 2018.
             Slain by a jackal (2 damage)
             ... on level 1 of the Dungeon.
             The game lasted 00:00:22 (167 turns).

Monsterracer the Stinger (Ghoul Venom Mage)          Turns: 167, Time: 00:00:23

Health: 0/14       AC:  2    Str: 11    XL:     1   Next: 10%
Magic:  2/2        EV: 12    Int: 10    God:
Gold:   45         SH:  0    Dex:  9    Spells: 2/3 levels left

rFire    . . .     SeeInvis +   (no weapon)
rCold    + . .     Gourm    .   (no shield)
rNeg     + + +     Faith    .   a - +0 robe
rPois    ∞         Spirit   .   (no helmet)
rElec    .         Reflect  .   (no cloak)
rCorr    .         Harm     .   (no gloves)
MR       .....                  (no boots)
Stlth    ++........             b - amulet of magic regeneration
HPRegen  0.00/turn              d - ring of see invisible
MPRegen  0.33/turn              (no ring)

@: very slightly contaminated, rotting
A: rotting body, claws 1, carnivore, cold resistance 1, negative energy
resistance 3, inhibited regeneration, torment resistance, unbreathing
a: no special abilities


You were on level 1 of the Dungeon.
You were not hungry.

You visited 1 branch of the dungeon, and saw 1 of its levels.

You collected 45 gold pieces.

Inventory:

Armour
 a - a +0 robe (worn)
Jewellery
 b - an amulet of magic regeneration (around neck)
 d - a ring of see invisible (left claw)
Scrolls
 e - a scroll of identify {unknown}
Comestibles
 c - a ration
 f - a chunk of flesh


   Skills:
 - Level 1.7 Dodging
 - Level 2.1 Stealth
 + Level 0.2 Unarmed Combat
 - Level 1.7 Spellcasting
 - Level 0.7 Conjurations
 - Level 3.0 Poison Magic


You had 2 spell levels left.
You knew the following spells:

 Your Spells              Type           Power        Failure   Level  Hunger
a - Sting                 Conj/Pois      #...         16%         1    ##.....


Dungeon Overview and Level Annotations

Branches:
Dungeon (1/15)

Altars:


Innate Abilities, Weirdness & Mutations

Your body is rotting away.
You thrive on raw meat.
You are immune to poison.
You have sharp fingernails.
You are carnivorous and can eat meat at any time.
Your flesh is cold resistant. (rC+)
You are immune to negative energy. (rN+++)
You do not regenerate when monsters are visible.
You are immune to unholy pain and torment.
You can survive without breathing.


Message History

You take 4 damage, and have 10/14 hp.
MASSIVE DAMAGE!!
You are too injured to fight recklessly!
You are too injured to fight recklessly!
You are too injured to fight recklessly!
You scratch the kobold.
You kill the kobold!
Things that are here:
a short sword; 3 stones; a kobold corpse
d - a golden ring Put on which piece of jewellery? (? for menu, Esc to quit)
d - a ring of see invisible (left claw) Key pressed, stopping explore.
HP restored.
You butcher the kobold corpse.
f - a chunk of flesh
Things that are here:
a short sword; 3 stones
Things that are here:
a short sword; 3 stones
e - a scroll labeled KOIRIE JILU Health restored: 14 A jackal comes into view.
A jackal is nearby!
A bat and a jackal come into view.
Found a scroll labeled IRPHAV ZUOSUHEC.
The jackal misses you.
You scratch the jackal.
The jackal is heavily wounded.
The jackal moves out of view.
The jackal barely misses you.
You scratch the jackal.
The jackal is severely wounded.
The jackal bites you. The jackal barely misses you.
You take 1 damage, and have 13/14 hp.
You scratch the jackal but do no damage.
The jackal is severely wounded.
The jackal barely misses you.
You closely miss the jackal.
The jackal is severely wounded.
The bat misses you. The jackal barely misses you.
You scratch the jackal.
The jackal is heavily wounded.
The bat hits you but does no damage.
You miss the jackal.
The jackal is heavily wounded.
The bat barely misses you. The jackal bites you. x2
You take 2 damage, and have 11/14 hp.
Casting: Sting
Confirm with . or Enter, or press ? or * to list all spells.
Aiming: Sting
Press: ? - help, Shift-Dir - straight line, f - jackal
Aim: a jackal (severely wounded)
The sting misses the jackal.
The jackal bites you. The jackal completely misses you.
The bat hits you but does no damage. The jackal closely misses you.
Casting: Sting
Confirm with . or Enter, or press ? or * to list all spells.
Aiming: Sting
Press: ? - help, Shift-Dir - straight line, f/p - jackal
Aim: a jackal (severely wounded)
The sting hits the jackal.
The jackal is almost dead.
The bat hits you. The jackal completely misses you. x2
You take 2 damage, and have 9/14 hp.
You now have 0/2 mp.
Casting: Sting
Confirm with . or Enter, or press ? or * to list all spells.
You don't have enough magic to cast that spell.
Unknown command.
The bat closely misses you. The jackal bites you.
* * * LOW HITPOINT WARNING * * *
You take 3 damage, and have 6/14 hp.
MASSIVE DAMAGE!!
The bat hits you.
* * * LOW HITPOINT WARNING * * *
The jackal closely misses you. The bat barely misses you.
You take 1 damage, and have 5/14 hp.
You closely miss the jackal.
The jackal is heavily wounded.
The bat barely misses you.
The jackal bites you but does no damage.
Casting: Sting
Confirm with . or Enter, or press ? or * to list all spells.
Aiming: Sting
Press: ? - help, Shift-Dir - straight line, f/p - jackal
Aim: a jackal (almost dead)
You miscast Sting.
You are very lightly contaminated with residual magic.
Nothing appears to happen.
The jackal misses you. The bat hits you.
* * * LOW HITPOINT WARNING * * *
The jackal barely misses you.
You take 1 damage, and have 4/14 hp.
You now have 0/2 mp.
The bat hits you but does no damage. The jackal bites you.
* * * LOW HITPOINT WARNING * * *
You see here a viscous pink potion.
You take 2 damage, and have 2/14 hp.
Unknown command.
A leopard gecko comes into view.
The leopard gecko hisses angrily.
MP restored: 2 You scratch the leopard gecko but do no damage.
The jackal bites you.
You die...

#.. ............
.#.###.####.......... ..
.....# #.#########
...###..###..........
........##.#.#######
.###..#.......#...## #
#..!.............
.##..####h##............
......l@h?###...........
########### #...).......
##.........# ##...#...##
#########


You could see a leopard gecko and 2 jackals.

Vanquished Creatures
  A kobold (D:1)
1 creature vanquished.

Notes
Turn   | Place    | Note
-------+----------+-------------------------------------------
     0 | D:1      | Monsterracer the Ghoul Venom Mage began the quest for the Orb.
     0 | D:1      | Reached XP level 1. HP: 14/14 MP: 2/2
   159 | D:1      | HP: 6/14 [jackal (3)]
   163 | D:1      | HP: 2/14 [jackal (2)]
   167 | D:1      | Slain by a jackal

Action                   || total
-------------------------++-------
Melee: Unarmed           ||    10
 Cast: Sting             ||     2
 Stab: Sleeping          ||     1
Armor: Robe              ||     4
Dodge: Dodged            ||    17

Vault maps used:
D:1:      minmay_arrival_semitransparent
